Map: Catalyst LE

Players

Vrajitoru - Winner!

  • Race: Zerg Zerg
  • League: Silver
  • Spawn Location: 5:00

A.I. 1 (Hard)

  • Race: Protoss Protoss
  • Spawn Location: 11:00

VOD

Have the link to the VOD?

Description

Time

  • Played on: Aug. 6, 2018, 12:25 p.m.
  • Length: 20:39
Show
View Real Time Build Order
Export as new Build Order

Vrajitoru Zerg - Winner!

Build Orders: Hatch First 

Get SALT Encoding   

  12  0:03  Drone  
  13  0:13  Overlord  
  13  0:21  Drone  
  14  0:32  Drone  
  15  0:52  Drone  
  15  0:53  Hatchery  
  15  0:58  Drone  
  15  1:00  Drone  
  17  1:05  Extractor  
  16  1:17  Spawning Pool  
  15  1:21  Drone  
  15  1:22  Drone  
  17  1:42  Drone  
  17  1:43  Drone  
  19  1:56  Drone  
  19  1:58  Overlord  
  20  2:08  Queen  
  20  2:09  Queen  
  20  2:13  Drone  
  20  2:14  Drone  
  26  2:30  Drone  
  26  2:31  Drone  
  28  2:47  Lair  
  28  3:07  Zergling x4  
  28  3:08  Zergling x2  
  28  3:09  Zergling x2  
  28  3:10  Overlord  
  32  3:12  Overlord  
  32  3:34  Metabolic Boost  
  32  3:38  Drone  
  32  3:39  Drone x2  
  32  3:40  Drone  
  36  3:41  Overlord  
  36  3:42  Overlord  
  36  3:51  Hydralisk Den  
  35  4:03  Extractor  
  35  4:08  Extractor  
  33  4:14  Drone  
  33  4:15  Drone x2  
  33  4:16  Drone x2  
  38  4:17  Overlord  
  38  4:32  Pneumatized Carapace  
  38  4:58  Spine Crawler  
  37  5:04  Drone x2  
  37  5:05  Drone x2, Hydralisk  
  43  5:08  Hydralisk  
  43  5:12  Grooved Spines  
  45  5:15  Drone  
  45  5:16  Drone  
  45  5:17  Drone  
  45  5:18  Drone, Overlord  
  49  5:35  Spine Crawler  
  48  5:37  Spine Crawler  
  48  5:41  Spine Crawler  
  46  5:45  Spine Crawler  
  46  5:47  Spine Crawler  
  44  5:50  Drone x2  
  44  5:51  Drone, Hydralisk  
  44  5:52  Hydralisk  
  44  5:53  Overlord  
  51  6:23  Overseer  
  51  6:27  Muscular Augments  
  51  6:33  Evolution Chamber  
  51  6:35  Evolution Chamber, Drone  
  51  6:36  Drone, Hydralisk x2  
  51  6:38  Overlord, Hydralisk  
  57  6:45  Burrow  
  56  7:17  Drone x2  
  56  7:18  Drone x2  
  56  7:19  Drone  
  56  7:20  Overlord  
  61  7:28  Zerg Melee Weapons Level 1  
  61  7:29  Zerg Missile Weapons Level 1  
  61  7:45  Overseer  
  61  7:51  Hatchery  
  60  8:14  Queen x2  
  60  8:16  Hydralisk x2  
  60  8:17  Hydralisk x5  
  60  8:18  Hydralisk  
  80  8:45  Drone  
  80  8:46  Drone  
  80  8:47  Hydralisk x2  
  80  8:48  Hydralisk  
  86  8:49  Overlord  
  88  9:18  Drone x2  
  88  9:21  Hydralisk  
  88  9:22  Hydralisk x2  
  88  9:23  Zerg Ground Armor Level 1  
  88  9:24  Hydralisk  
  96  9:25  Overlord  
  96  9:26  Overlord  
  98  9:32  Zerg Melee Weapons Level 2  
  98  9:35  Hydralisk x2  
  98  9:36  Hydralisk  
  104  9:39  Overlord  
  83  11:31  Hydralisk x2  
  83  11:32  Hydralisk x2  
  89  11:33  Hydralisk x3  
  89  11:34  Hydralisk x2  
  89  11:35  Hydralisk  
  103  12:18  Drone  
  103  12:19  Drone x2  
  103  12:20  Drone x2  
  103  12:21  Overlord x2  
  108  12:24  Overseer  
  108  12:34  Spore Crawler  
  108  12:35  Spore Crawler  
  106  13:42  Hydralisk  
  106  13:43  Hydralisk x3  
  106  13:44  Hydralisk x2  
  118  13:51  Overlord x3  
  118  15:03  Extractor x2  
  112  15:25  Zerg Missile Weapons Level 2, Zerg Ground Armor Level 2  
  90  15:38  Hydralisk x3  
  90  15:39  Hydralisk x5  
  90  15:40  Hydralisk x5  
  90  15:41  Hydralisk x2  
  104  16:32  Hydralisk x7  
  108  16:33  Hydralisk x2  
  120  16:57  Queen  
  114  17:28  Hydralisk x6  
  114  17:29  Hydralisk x2  
  130  17:30  Hydralisk x6  
  130  17:31  Hydralisk  
  128  18:42  Infestation Pit, Hydralisk x6  
  128  18:43  Hydralisk x3  
  145  18:55  Queen x2  
  145  18:56  Queen  
  147  19:53  Overseer  
  147  19:55  Overseer  
  147  19:56  Overseer x4  
  147  19:57  Overseer x2  
  147  20:21  Overseer  
  147  20:25  Overseer  
Show
View Real Time Build Order
Export as new Build Order

A.I. 1 (Hard) Protoss 

Build Orders:  

Get SALT Encoding   

  12  0:00  Probe  
  13  0:13  Probe  
  14  0:21  Pylon  
  14  0:25  Probe  
  15  0:35  Probe  
  16  0:43  Probe  
  16  0:48  Assimilator  
  17  0:51  Gateway  
  17  0:52  Probe  
  18  1:00  Probe  
  18  1:01  Pylon  
  19  1:22  Probe  
  20  1:38  Zealot  
  20  1:41  Cybernetics Core  
  20  1:43  Gateway  
  20  1:46  Assimilator  
  22  2:01  Pylon  
  22  2:14  Adept  
  24  2:25  Warp Gate  
  24  2:30  Adept  
  26  2:41  Pylon, Zealot  
  28  2:57  Adept  
  30  2:59  Adept  
  32  3:19  Pylon  
  32  3:21  Probe  
  32  3:24  Stalker  
  35  3:30  Adept  
  35  3:33  Probe  
  38  3:44  Forge  
  38  3:46  Probe  
  39  3:54  Adept x2  
  41  3:58  Probe  
  44  4:10  Probe  
  45  4:21  Adept  
  45  4:22  Probe  
  48  5:49  Protoss Ground Weapons Level 1  
  48  6:08  Stalker  
  48  6:10  Gateway  
  50  6:12  Pylon  
  50  6:14  Photon Cannon  
  50  6:15  Photon Cannon  
  50  6:16  Nexus, Robotics Facility  
  50  6:18  Stalker  
  52  6:19  Stargate  
  52  6:22  Forge  
  52  6:23  Twilight Council  
  52  6:27  Sentry  
  54  6:33  Pylon  
  54  6:40  Zealot  
  54  6:44  Protoss Ground Armor Level 1  
  56  6:50  Stalker  
  58  6:57  Pylon  
  58  7:01  Sentry  
  60  7:06  Observer  
  61  7:10  Stalker  
  63  7:19  Stalker  
  63  7:20  Blink  
  65  7:27  Observer  
  65  7:28  Probe  
  67  7:30  Probe  
  68  7:38  Assimilator  
  68  7:40  Pylon, Probe  
  68  7:41  Pylon  
  68  7:42  Probe  
  70  7:53  Probe  
  70  7:54  Probe  
  72  8:01  Photon Cannon  
  72  8:05  Photon Cannon x2, Probe  
  73  8:07  Probe  
  74  8:16  Probe  
  74  8:17  Probe  
  76  8:25  Probe  
  76  8:29  Probe  
  76  8:33  Probe  
  80  8:41  Probe  
  80  8:43  Probe  
  81  8:53  Probe  
  81  8:55  Probe  
  83  9:05  Probe  
  84  9:20  Assimilator  
  84  9:57  Protoss Ground Weapons Level 2  
  84  9:59  Warp Prism  
  84  10:10  Void Ray  
  84  10:12  Gateway  
  90  10:15  Stalker x2  
  90  10:17  Robotics Facility  
  90  10:22  Stargate  
  90  10:24  Warp Prism  
  90  10:25  Robotics Bay  
  90  10:26  Nexus  
  90  10:31  Pylon  
  92  10:40  Zealot  
  73  10:51  Zealot  
  65  11:01  Observer  
  65  11:02  Stalker  
  60  11:04  Observer  
  60  11:11  Protoss Ground Armor Level 2  
  60  11:12  Zealot  
  62  11:21  Warp Prism  
  62  11:23  Sentry  
  67  11:25  Observer  
  67  11:34  Sentry  
  69  11:40  Probe  
  69  11:43  Probe  
  69  11:44  Stalker  
  69  11:45  Probe  
  74  11:52  Assimilator  
  74  11:53  Probe  
  75  11:55  Stalker, Assimilator, Probe  
  75  11:57  Observer Gravitic Boosters, Probe  
  79  12:01  Protoss Air Weapons Level 1  
  79  12:03  Protoss Shields Level 1  
  79  12:05  Probe  
  79  12:06  Stalker  
  79  12:07  Probe  
  83  12:10  Probe  
  84  12:17  Immortal, Probe  
  84  12:20  Fleet Beacon  
  89  12:25  Probe  
  89  12:27  Void Ray, Probe  
  89  12:29  Probe  
  96  12:37  Probe  
  96  12:38  Colossus  
  96  12:41  Pylon, Probe  
  96  12:43  Probe  
  105  12:46  Pylon  
  105  12:50  Gravitic Drive  
  105  12:57  Templar Archives  
  105  13:05  Dark Shrine  
  105  13:07  Tempest  
  105  13:08  Photon Cannon  
  105  13:10  Photon Cannon  
  111  13:26  Observer  
  111  13:49  Protoss Shields Level 2, Protoss Air Armor Level 1  
  111  14:33  Disruptor, Protoss Ground Weapons Level 3  
  114  14:46  Stalker  
  114  14:48  Pylon  
  114  14:50  Stalker  
  118  14:54  Stalker  
  118  14:57  Stalker  
  122  15:00  Disruptor  
  122  15:04  Carrier  
  131  15:08  Adept  
  133  15:14  Graviton Catapult  
  133  15:20  Zealot  
  127  15:23  Sentry  
  127  15:27  Zealot  
  127  15:28  Nexus  
  113  15:31  Stalker  
  113  15:33  Observer  
  98  15:35  Observer  
  98  15:40  Stalker  
  101  15:43  Protoss Air Weapons Level 2  
  101  15:46  Stalker  
  103  15:50  Stalker  
  103  15:54  Sentry  
  107  16:05  Void Ray  
  111  16:20  Stalker  
  111  16:24  Zealot  
  104  16:28  Stalker  
  104  16:32  Zealot  
  75  16:41  Probe  
  75  16:42  Probe  
  75  16:43  Stalker  
  75  16:44  Probe  
  62  16:47  Void Ray  
  62  16:48  Assimilator  
  62  16:51  Zealot  
  62  16:52  Pylon  
  62  16:53  Probe  
  69  16:54  Assimilator, Zealot, Probe  
  69  16:56  Probe  
  69  16:58  Zealot  
  71  17:05  Probe  
  71  17:07  Zealot, Probe  
  71  17:08  Probe  
  76  17:10  Sentry  
  76  17:14  Pylon, Stalker  
  75  17:17  Probe  
  75  17:18  Stalker  
  75  17:19  Probe  
  64  17:27  Zealot  
  64  17:29  Probe  
  60  17:30  Adept  
  60  17:31  Probe  
  54  17:37  Stalker  
  54  17:41  Stalker, Probe  
  54  17:43  Probe  
  49  17:47  Zealot  
  49  17:50  Nexus, Zealot  
  40  17:53  Probe  
  40  17:55  Assimilator  
  40  17:57  Stalker  
  38  17:59  Assimilator  
  38  18:05  Stalker  
  36  18:08  Stalker  
  36  18:09  Nexus  
  36  18:12  Stalker  
  34  18:14  Assimilator  
  34  18:17  Stalker  
  32  18:20  Assimilator  
  32  18:21  Zealot  
  23  18:50  Nexus  
  23  18:55  Probe  
  22  18:58  Pylon  
  22  19:01  Zealot  
  22  19:51  Nexus, Probe  
  18  20:00  Probe  
  18  20:15  Probe  
Tags
 
League
Silver
Matchup
PvZ
Spawn Locations
Cross Positions
Add a new tag
Caveats
  • Supply blocks, unpowered buildings, or Contaminate may cause inaccurate times.
  • Supply counts are checked every 10 seconds.